Map: Ephemeron LE

Players

pHARM

  • Race: Zerg Zerg
  • League: Platinum
  • Spawn Location: 11:00

LeOPaRd - Winner!

  • Race: Terran Terran
  • Spawn Location: 5:00

VOD

Have the link to the VOD?

Description

Time

  • Played on: Aug. 26, 2019, 2:38 p.m.
  • Length: 23:33
Show
View Real Time Build Order
Export as new Build Order

pHARM Zerg 

Build Orders: Hatch First 

Get SALT Encoding   

  12  0:01  Drone  
  13  0:13  Overlord  
  14  0:21  Drone  
  14  0:32  Drone x2  
  16  0:43  Drone  
  17  1:01  Hatchery  
  16  1:06  Drone x2  
  18  1:20  Spawning Pool  
  18  1:23  Drone x2  
  19  1:30  Drone  
  20  1:43  Drone, Extractor  
  20  1:50  Overlord  
  20  2:02  Drone  
  20  2:08  Queen  
  21  2:13  Queen  
  21  2:14  Zergling x4  
  27  2:24  Drone  
  27  2:25  Drone  
  29  2:33  Drone  
  30  2:37  Drone  
  31  2:44  Queen  
  31  2:47  Metabolic Boost  
  33  3:05  Drone x3  
  36  3:17  Overlord x2  
  36  3:23  Lair  
  36  3:32  Hatchery  
  35  3:53  Drone  
  35  3:54  Drone x8  
  44  3:58  Queen  
  44  4:02  Extractor x2  
  44  4:15  Evolution Chamber  
  44  4:16  Drone  
  48  4:17  Roach Warren, Drone x4  
  48  4:19  Baneling Nest  
  46  4:44  Zerg Melee Weapons Level 1  
  46  4:57  Drone  
  46  4:58  Drone x4  
  51  5:02  Pneumatized Carapace  
  51  5:13  Drone x4  
  51  5:14  Drone x5  
  58  5:24  Overlord x3  
  58  5:42  Zergling x20  
  60  6:42  Zergling x2  
  60  6:43  Centrifical Hooks, Zergling x26  
  74  6:48  Extractor  
  74  6:53  Infestation Pit  
  62  7:02  Queen x2  
  66  7:37  Drone x3  
  66  7:38  Drone x7  
  76  7:57  Hydralisk Den  
  75  7:59  Hive  
  75  8:01  Zerg Melee Weapons Level 2  
  75  8:04  Baneling x4  
  75  8:05  Baneling x2  
  75  8:06  Overlord x5  
  75  8:07  Overlord  
  75  8:28  Hydralisk x8  
  91  8:44  Zergling x2  
  91  8:45  Zergling x12, Queen x2  
  102  9:02  Spore Crawler, Drone x3  
  100  9:20  Spore Crawler  
  100  9:21  Queen  
  101  9:26  Hydralisk x5  
  101  9:27  Hydralisk x4  
  116  10:00  Extractor  
  116  10:02  Drone x10  
  116  10:04  Extractor  
  116  10:05  Queen x2  
  115  10:29  Spore Crawler  
  96  10:49  Hydralisk x12  
  120  10:59  Spire  
  120  11:01  Zerg Melee Weapons Level 3  
  119  11:12  Ultralisk Cavern  
  118  11:26  Hatchery  
  118  11:29  Overlord x2  
  117  11:48  Hatchery  
  116  12:03  Chitinous Plating  
  116  12:05  Ultralisk  
  116  12:06  Ultralisk x3  
  116  12:07  Zergling x12  
  146  12:08  Overlord x3  
  146  12:37  Drone x3  
  146  12:41  Drone x3  
  152  12:44  Drone  
  152  12:45  Drone x8  
  155  13:38  Zerg Ground Armor Level 1  
  155  13:39  Zerg Flyer Armor Level 1  
  155  13:44  Overlord x4  
  155  13:51  Drone x6  
  155  13:52  Drone x8  
  169  13:56  Spine Crawler  
  169  14:01  Spore Crawler  
  167  14:25  Zergling x26  
  167  14:26  Zergling x36  
  189  15:01  Baneling  
  189  15:02  Baneling x24  
  189  15:03  Baneling x4  
  189  15:11  Drone  
  189  15:12  Drone x3  
  191  15:34  Spine Crawler  
  190  15:50  Corruptor x2  
  190  15:51  Corruptor x3  
  200  16:27  Extractor  
  200  16:31  Extractor  
  181  16:48  Hatchery  
  139  16:58  Swarm Host  
  139  16:59  Swarm Host  
  124  17:36  Corruptor  
  114  17:37  Corruptor x18  
  114  17:38  Corruptor x16  
  152  18:11  Greater Spire  
  152  18:15  Zergling x2  
  152  18:16  Zergling x42  
  174  18:47  Ultralisk x2  
  186  19:08  Spine Crawler x2  
  186  19:09  Spore Crawler  
  183  19:12  Overlord x4  
  183  19:23  Brood Lord x5  
  188  20:25  Spine Crawler  
  188  20:26  Zerg Ground Armor Level 2  
  188  20:27  Spine Crawler  
  186  20:32  Spine Crawler  
  166  20:52  Overseer  
  145  21:13  Ultralisk x8  
  193  21:22  Spore Crawler  
  192  21:42  Drone x4  
  196  21:50  Extractor  
  196  21:53  Extractor  
  194  22:00  Overseer  
  194  22:04  Overseer x3  
Show
View Real Time Build Order
Export as new Build Order

LeOPaRd Terran - Winner!

Build Orders: Gas First Reaper Expand, Liberator Opening 

Get SALT Encoding   

  12  0:01  SCV  
  13  0:14  SCV  
  14  0:28  Supply Depot  
  14  0:29  SCV  
  14  0:31  Refinery  
  15  0:52  SCV  
  15  0:53  Barracks  
  16  1:05  SCV  
  17  1:17  SCV  
  18  1:41  Command Center, Reaper  
  19  1:49  Orbital Command  
  19  2:06  Factory  
  19  2:14  Marine  
  20  2:18  Refinery  
  20  2:25  SCV  
  20  2:26  Supply Depot  
  21  2:37  SCV  
  22  2:49  SCV  
  23  2:55  Marine  
  23  2:57  Bunker, Orbital Command  
  23  3:10  Refinery  
  23  3:12  Starport  
  23  3:16  Marine  
  24  3:26  SCV  
  25  3:35  Liberator  
  25  3:44  SCV x2  
  27  3:54  Marine  
  30  4:03  SCV  
  30  4:04  Factory Tech Lab, SCV  
  30  4:05  Supply Depot  
  32  4:14  Marine  
  33  4:17  SCV x2  
  33  4:24  Factory  
  35  4:25  Siege Tank  
  35  4:26  Liberator  
  38  4:32  SCV x2  
  43  4:48  SCV x2  
  43  4:49  Refinery  
  45  4:56  Supply Depot  
  45  4:58  Siege Tank  
  48  5:00  SCV x2  
  50  5:18  Factory Reactor  
  47  5:22  SCV x2  
  47  5:26  Marine  
  50  5:30  Supply Depot, Armory  
  50  5:32  Starport Reactor  
  50  5:35  Hellion  
  52  5:50  SCV x2  
  54  5:57  Engineering Bay  
  54  5:58  Command Center, Hellion x2  
  54  5:59  Hellion  
  54  6:03  Barracks Reactor  
  60  6:07  SCV x2  
  62  6:28  SCV x2  
  64  6:40  SCV x2  
  66  6:49  Liberator x2  
  66  6:52  SCV x2  
  68  6:58  Hellion, Supply Depot  
  68  6:59  Supply Depot  
  70  7:06  SCV x2  
  78  7:10  Hellion  
  80  7:18  SCV x2  
  82  7:30  SCV x2  
  84  7:42  SCV  
  85  7:49  Supply Depot  
  85  7:50  Terran Vehicle Weapons Level 1  
  85  7:53  Armory  
  85  7:54  Siege Tank, Hellion x2  
  92  8:00  Factory x2  
  92  8:12  Planetary Fortress  
  92  8:20  Factory  
  92  8:22  Hellion x2  
  92  8:24  Starport  
  96  8:30  Infernal Pre-Igniter  
  96  8:41  Missile Turret  
  96  8:42  Neosteel Armor  
  96  8:46  Missile Turret x2  
  96  8:57  Missile Turret  
  96  9:01  SCV  
  96  9:02  SCV  
  98  9:14  SCV  
  98  9:15  Factory Tech Lab  
  99  9:23  Refinery  
  99  9:24  Starport Tech Lab  
  89  9:35  Refinery  
  89  9:36  Hellion x2  
  89  9:38  Siege Tank x2  
  90  10:01  Hellion x3  
  96  10:12  Smart Servos  
  93  10:42  Liberator x2  
  89  10:52  Factory Reactor  
  89  10:58  Raven  
  97  11:15  Terran Vehicle Weapons Level 2, Terran Vehicle And Ship Armor Level 1  
  97  11:17  Hi-Sec Auto Tracking  
  97  11:18  Factory Tech Lab  
  97  11:23  Supply Depot x2, Hellion x3  
  97  11:25  Supply Depot  
  97  11:28  Command Center  
  97  11:29  Supply Depot  
  97  11:30  Marine  
  97  11:31  Command Center  
  98  11:42  Sensor Tower  
  98  11:43  Missile Turret  
  98  11:44  Missile Turret  
  98  11:45  Hellion x2  
  98  11:46  Hellion x2, Thor  
  112  11:47  Thor x2  
  124  11:59  Supply Depot  
  124  12:01  Supply Depot  
  124  12:10  Corvid Reactor  
  124  12:14  Fusion Core  
  124  12:17  Ghost Academy  
  124  12:31  Drilling Claws  
  124  12:34  Widow Mine x2  
  124  12:35  Widow Mine  
  124  12:36  Widow Mine  
  132  12:37  Thor x3  
  132  12:39  Barracks  
  150  12:54  Sensor Tower  
  150  13:03  Barracks  
  150  13:06  Orbital Command  
  150  13:32  Sensor Tower  
  150  13:39  Liberator x3  
  150  13:48  Supply Depot x2  
  150  13:49  Supply Depot  
  150  13:51  Supply Depot  
  150  13:52  Supply Depot  
  150  13:53  Barracks Tech Lab  
  150  13:54  Supply Depot  
  150  13:55  Widow Mine x2  
  153  15:08  Liberator x3  
  147  15:20  Ghost  
  149  15:21  Personal Cloaking  
  149  15:25  Barracks  
  158  16:04  Hellion  
  158  16:05  Hellion x4  
  158  16:09  Planetary Fortress  
  168  16:18  Ghost Academy  
  168  16:20  Barracks Tech Lab  
  168  16:22  Barracks  
  157  16:47  Nuke  
  157  16:48  Refinery  
  157  16:52  Refinery  
  97  16:57  Thor  
  97  16:58  Thor x2  
  97  16:59  Hellion x4  
  99  17:56  Hellion x2  
  99  17:57  Siege Tank x3, Hellion x2  
  116  18:00  Ghost x2  
  116  18:02  Enhanced Shockwaves  
  116  18:03  Nuke  
  120  18:07  Hellion x5  
  120  18:17  Barracks Tech Lab  
  120  18:19  Factory  
  120  18:26  Hellion x2  
  120  18:27  Hellion x2  
  128  18:43  Siege Tank x2  
  128  18:44  Siege Tank  
  143  18:55  Hellion x2  
  143  18:56  Hellion x2  
  145  19:23  Factory Reactor  
  145  19:24  Thor x2  
  145  19:25  Thor  
  159  19:57  Viking x2  
  159  19:58  Viking  
  163  20:11  Ghost x3  
  169  20:19  Thor  
  175  20:27  Viking  
  177  20:50  Thor x2  
  177  20:51  Hellion  
  190  21:30  Terran Infantry Weapons Level 1  
  190  21:40  Nuke, Command Center  
  190  21:41  Nuke  
  190  22:01  Command Center  
  145  22:32  Ghost  
  145  22:33  Ghost x2  
  151  22:38  Raven, Viking  
  151  22:39  Viking  
  151  22:42  Hellion x3  
  151  22:43  Hellion x3  
Tags
 
Add a new tag
Caveats
  • Supply blocks, unpowered buildings, or Contaminate may cause inaccurate times.
  • Supply counts are checked every 10 seconds.